 Dungeon Sprint DCSS version 0.18.1-48-g4cf74bf (webtiles) character file.

22 Joat the Magician (level 2, -1/15 HPs)
             Began as a Deep Elf Air Elementalist on Sept 7, 2016.
             Was a Follower of Vehumet.
             Slain by a giant frog (7 damage)
             ... in the Dungeon (Sprint VII: "The Pits").
             The game lasted 00:04:29 (469 turns).

Joat the Magician (Deep Elf Air Elementalist)        Turns: 469, Time: 00:04:29

Health: -1/15      AC:  2    Str:  5    XL:     2   Next: 68%
Magic:  3/9        EV: 13    Int: 19    God:    Vehumet [*.....]
Gold:   0          SH:  0    Dex: 15    Spells: 2 memorised, 7 levels left

rFire  . . .     SeeInvis .     p - staff of energy
rCold  . . .     Gourm    .     a - +0 robe
rNeg   . . .     Faith    .     (no shield)
rPois  .         Spirit   .     (no helmet)
rElec  .         Dismiss  .     (no cloak)
rCorr  .         Reflect  .     (no gloves)
SustAt .         Harm     .     (no boots)
MR     .....     NoTele   +     (no amulet)
Stlth  ++........               (no ring)
                                (no ring)

@: repel missiles, not resistant to hostile enchantments, unstealthy
A: no striking features
a: Renounce Religion


You were in the Dungeon.
You worshipped Vehumet.
Vehumet was aware of your devotion.
You were not hungry.

You visited 1 branch

Inventory:

Armour
 a - a +0 robe (worn)
Magical Staves
 p - an uncursed staff of energy (weapon)
Scrolls
 i - a scroll of blinking
 m - 3 scrolls of remove curse
 n - 5 scrolls of amnesia
 o - a scroll of summoning
Potions
 d - a potion of curing
 e - a potion of heal wounds
 f - a potion of haste
 g - 4 potions of magic
 h - 3 potions of berserk rage
 l - 2 potions of invisibility
Books
 b - a book of Air

   Spells                             Type                      Level
   a - Shock                          Conjuration/Air              1
   b - Swiftness                      Charms/Air                   2
   c - Repel Missiles                 Charms/Air                   2
   d - Static Discharge               Conjuration/Air              3
   e - Lightning Bolt                 Conjuration/Air              5
Comestibles
 c - 8 bread rations
 j - 40 fruits
 k - 7 meat rations
 q - 2 chunks of flesh


   Skills:
 - Level 2.6 Dodging
 - Level 2.9 Stealth
 + Level 4.8 Spellcasting
 * Level 2.7 Conjurations
 + Level 4.6 Air Magic


You had 7 spell levels left.
You knew the following spells:

 Your Spells              Type           Power        Failure   Level  Hunger
a - Shock                 Conj/Air       ###.         3%          1    None
b - Repel Missiles        Chrm/Air       ##....       10%         2    None


Dungeon Overview and Level Annotations

Branches:
Dungeon (1/1)

Altars:
Ashenzari
Cheibriados
Dithmenos
Elyvilon
Fedhas
Gozag
Kikubaaqudgha
Makhleb
Nemelex Xobeh
Okawaru
Pakellas
Qazlal
Ru
Sif Muna
Trog
Vehumet
Xom
Yredelemnul
Zin
The Shining One
Beogh
Jiyva
Lugonu


Message History

The gnoll is moderately wounded.
The giant frog barely misses you. The giant frog hits you.
Casting: Shock
Confirm with . or Enter, or press ? or * to list all spells.
Aiming: Shock
Press: ? - help, Shift-Dir - straight line, f/p - gnoll
Aim: a gnoll, wielding a flail (moderately wounded)
The zap misses the giant frog.
The zap hits the gnoll.
The gnoll is heavily wounded.
The giant frog hits you but does no damage.
Casting: Shock
Confirm with . or Enter, or press ? or * to list all spells.
Okay, then.
The giant frog hits you.
Your magical contamination has completely faded away.
There is an open door, spattered with blood here.
Items here: )) [ รท a club; a dagger; a leather armour; an adder skeleton The giant frog hits you!
You die...

#_#)))#.#?(##......#..#....
#######'#####..............
#...........'..............
#'#####'#####......#..#....
#.#..#.).'.##..............
#.#..#...#.#####'#####++###
#.#..#####.##.......#
#.#..'...#.##.......#
#.#..'..gF@##.......#
#.#..########...<...# #.#..
#.......# #.#.. #.......#
#+### #.......# #......c#
######### #.......#
#...#...# #..## .e#


You could see a giant frog and a gnoll.

Vanquished Creatures
  An adder (D)
  An ooze (D)
  An orc (D)
  A bat zombie (D)
  A hobgoblin (D)
  A kobold (D)
  A ball python skeleton (D)
  A rat (D)
8 creatures vanquished.

Notes
Turn   | Place    | Note
--------------------------------------------------------------
     0 | D        | Joat the Deep Elf Air Elementalist began the quest for the Orb.
     0 | D        | Reached XP level 1. HP: 10/10 MP: 6/6
    78 | D        | Reached XP level 2. HP: 3/15 MP: 2/9
    90 | D        | Learned a level 2 spell: Repel Missiles
   348 | D        | Found a sacrificial altar of Ru.
   348 | D        | Found a basalt altar of Yredelemnul.
   348 | D        | Found a shadowy altar of Dithmenos.
   348 | D        | Found a deep blue altar of Sif Muna.
   348 | D        | Found a burning altar of Makhleb.
   348 | D        | Found a shimmering altar of Xom.
   348 | D        | Found an ancient bone altar of Kikubaaqudgha.
   348 | D        | Found a sparkling altar of Nemelex Xobeh.
   349 | D        | Found a glowing golden altar of the Shining One.
   349 | D        | Found a bloodstained altar of Trog.
   349 | D        | Found a shattered altar of Ashenzari.
   349 | D        | Found a white marble altar of Elyvilon.
   349 | D        | Found a snail-covered altar of Cheibriados.
   349 | D        | Found a blossoming altar of Fedhas.
   349 | D        | Found a radiant altar of Vehumet.
   349 | D        | Found a glowing silver altar of Zin.
   349 | D        | Found a corrupted altar of Lugonu.
   349 | D        | Found a viscous altar of Jiyva.
   349 | D        | Found a roughly hewn altar of Beogh.
   349 | D        | Found an iron altar of Okawaru.
   350 | D        | Found an oddly glowing altar of Pakellas.
   354 | D        | Found a stormy altar of Qazlal.
   354 | D        | Found an opulent altar of Gozag.
   358 | D        | Became a worshipper of Vehumet
   410 | D        | Noticed a centaur
   410 | D        | Noticed a deep elf mage
   410 | D        | Noticed a water moccasin
   450 | D        | Reached * piety under Vehumet
   450 | D        | Offered knowledge of Sting by Vehumet.
   461 | D        | Noticed a giant frog
   469 | D        | Slain by a giant frog

Skill      XL: |  1  2 |
---------------+-------+-----
Air Magic      | 4 |  4.6
Spellcasting   | 4 |  4.8
Conjurations   | 2 |  2.7
Dodging        | |  2.6
Stealth        | |  2.9

Action                   || total
-------------------------++-------
Melee: Unarmed           ||     6
       Staff             ||     5
 Cast: Shock             ||    17
       Repel Missiles    ||     1
 Stab: Sleeping          ||     1
Armor: Robe              ||     9
Dodge: Dodged            ||    19
